Map: Automaton LE

Players

Smileblind

  • Race: Zerg Zerg
  • League: Silver
  • Spawn Location: 9:00

JAYHE - Winner!

  • Race: Terran Terran
  • Spawn Location: 3:00

VOD

Have the link to the VOD?

Description

Time

  • Played on: Jan. 15, 2019, 11:59 p.m.
  • Length: 8:34
Show
View Real Time Build Order
Export as new Build Order

Smileblind Zerg 

Build Orders: Pool First 

Get SALT Encoding   

  12  0:03  Drone  
  13  0:09  Drone  
  14  0:32  Spawning Pool  
  14  0:35  Overlord  
  13  0:42  Drone  
  14  0:50  Overlord  
  14  0:55  Drone  
  15  1:01  Drone  
  16  1:11  Extractor, Drone  
  16  1:28  Hatchery  
  16  1:31  Zergling x2  
  16  1:34  Zergling x2  
  17  1:45  Queen  
  19  1:51  Drone  
  20  2:10  Zergling x4  
  22  2:16  Metabolic Boost  
  22  2:21  Queen  
  24  2:29  Drone x2  
  26  2:34  Extractor  
  25  2:46  Queen  
  25  2:49  Drone  
  26  3:19  Drone x3  
  29  3:21  Queen  
  31  3:36  Zergling x10  
  36  3:49  Overlord x2  
  36  4:09  Zergling x8  
  40  4:14  Zergling x2  
  40  4:15  Zergling x10  
  29  5:27  Drone x6  
  35  5:36  Spine Crawler  
  35  5:37  Roach Warren  
  35  5:42  Zergling x4  
  35  5:47  Zergling x12  
  35  5:48  Zergling x8  
  45  6:06  Zergling x6  
  48  6:15  Overlord x2  
  48  6:16  Overlord x2  
  48  6:31  Queen  
  44  6:42  Roach x4  
  51  6:55  Spore Crawler  
  51  6:56  Roach x4  
  51  7:01  Roach, Zergling x2  
  59  7:02  Zergling x2  
  59  7:04  Zergling x2  
  59  7:07  Queen  
  64  7:10  Drone  
  52  7:26  Roach  
  52  7:27  Roach  
  54  7:42  Queen  
Show
View Real Time Build Order
Export as new Build Order

JAYHE Terran - Winner!

Build Orders:  

Get SALT Encoding   

  12  0:01  SCV  
  13  0:17  Supply Depot  
  13  0:18  SCV  
  14  0:30  SCV  
  15  0:42  SCV, Barracks  
  16  0:57  Barracks  
  16  0:58  SCV  
  17  1:10  SCV  
  18  1:29  Marine  
  18  1:31  SCV, Supply Depot  
  20  1:36  Refinery  
  20  1:46  Marine  
  21  1:47  Refinery, Marine  
  22  2:00  Supply Depot  
  22  2:01  SCV  
  22  2:04  Marine  
  24  2:09  Marine  
  24  2:13  SCV  
  26  2:23  Engineering Bay  
  26  2:26  SCV  
  26  2:29  Barracks Tech Lab  
  27  2:30  Marine  
  28  2:39  SCV  
  29  2:48  Marine  
  31  2:58  Marauder  
  31  3:00  Factory  
  31  3:06  SCV  
  31  3:09  Supply Depot  
  32  3:16  Marine  
  32  3:18  SCV  
  36  3:20  Marauder  
  36  3:31  Terran Infantry Weapons Level 1, Supply Depot  
  38  3:41  Marauder  
  38  3:47  Factory Tech Lab  
  38  3:48  Starport  
  38  3:57  Barracks Tech Lab  
  40  4:02  Supply Depot, Marauder  
  40  4:15  Siege Tank  
  43  4:23  Marauder  
  45  4:38  Liberator  
  43  4:56  Supply Depot  
  43  4:59  Marine x2  
  41  5:17  Marauder, Marine  
  43  5:22  SCV  
  44  5:34  SCV  
  44  5:35  Marine  
  46  5:36  Liberator  
  46  5:38  Marine  
  47  5:46  SCV  
  48  5:53  Marauder  
  48  5:56  Marine  
  54  5:59  SCV  
  55  6:11  SCV  
  56  6:14  Marine x2  
  58  6:18  Liberator  
  58  6:23  SCV  
  62  6:50  Command Center  
  62  6:53  Marauder  
  62  6:54  Marine  
  65  7:01  Liberator  
  65  7:19  Siege Tank  
  71  7:45  Marine x2  
  70  8:03  Marine  
  70  8:04  Marauder  
Tags
 
League
Silver
Matchup
TvZ
Opening
Pool First
Spawn Locations
Cross Positions
Add a new tag
Caveats
  • Supply blocks, unpowered buildings, or Contaminate may cause inaccurate times.
  • Supply counts are checked every 10 seconds.